If you're looking for a go-to Protoss opening in PvT (and potentially PvZ), this is your standard opening. The 1 Gate Expand is a standard, economic opening. Then, the Adept and Stargate unit allows you to do light harassment to complete the transition
For more examples, watch the rest of this series from Patience.
12 | 0:01 | Probe | |
13 | 0:13 | Probe | |
13 | 0:18 | Pylon | |
14 | 0:24 | Probe | |
15 | 0:35 | Probe | |
15 | 0:37 | Gateway | |
16 | 0:46 | Probe | |
16 | 0:48 | Assimilator | |
17 | 0:56 | Probe | |
18 | 1:07 | Probe | |
19 | 1:21 | Probe | |
19 | 1:22 | Nexus | |
20 | 1:32 | Probe | |
21 | 1:37 | Cybernetics Core | |
21 | 1:43 | Probe | |
21 | 1:45 | Assimilator | |
22 | 1:51 | Pylon | |
22 | 1:58 | Probe | |
23 | 2:12 | Probe | |
23 | 2:15 | Adept, Warp Gate | Scout with this |
26 | 2:28 | Probe | |
26 | 2:30 | Pylon | |
27 | 2:37 | Stargate | |
27 | 2:38 | Probe | |
27 | 2:39 | Probe |
Not too much to say here since this is just an opening. Use the Adept to scout around as you can safely use the shade to poke in for vision and then not commit. If possible, pick off a few SCVs.
In this particular VOD, Patience loses his Oracle almost instantly, so early Cyclones do appear to be a problem for harass. You can imagine how that might have turned out otherwise.
You have a few different options for followups out of this build.
For the Stargate, the obvious options are either Oracle or Phoenix depending on your preference. From there, you can go into a variety of mid-game compositions, including:
or anything else. This is a relatively flexible opening
On Sept. 18, 2022, 2:22 a.m., Tristan107 said:
Lol this video is the worst possible illustration of Oracle opening : losing 2 Oracles in a row in less than 1 min.
On Jan. 10, 2016, 6:34 a.m., Carq said:
Work's well against every race ^_^
On Nov. 21, 2015, 3:13 p.m., derLordselbst said:
Work's well also on Gold Level